 Dungeon Crawl Stone Soup version 0.29-a0-1023-g6ae1a4a2c7 (webtiles) character file.

Game seed: 11459186031705490245

1143 nono the Cudgeller (level 8, 0/53 (70) HPs)
             Began as a Meteoran Cinder Acolyte on Aug 11, 2022.
             Was a High Priest of Ignis.
             Slain by an ice beast (11 damage)
             ... on level 6 of the Dungeon.
             The game lasted 00:17:09 (2910 turns).

nono the Cudgeller (Meteoran Cinder Acolyte)        Turns: 2910, Time: 00:17:10

HP:   0/53 (70)     AC: 15    Str: 17    XL:     8   Next: 96%
MP:   11/11         EV:  8    Int: 16    God:    Ignis [*****.]
Gold: 257           SH:  0    Dex: 10    Spells: 9/9 levels left

rFire   + . .      SeeInvis .   y - +1 flail (holy)
rCold   . . .      Faith    .   (no shield)
rNeg    . . .      Spirit   .   i - +0 chain mail
rPois   .          Reflect  .   h - +2 hat
rElec   .          Harm     .   v - +2 cloak {Stlth+}
rCorr   .          Rampage  .   (no gloves)
Will    +....                   (no boots)
Stlth   ..........              (no amulet)
HPRegen 0.17/turn               (no ring)
MPRegen 0.12/turn               (no ring)

@: glowing, heavily drained
A: sense surroundings 1, otherworldly, glowing, explore regen
a: Renounce Religion, Fiery Armour, Foxfire Swarm, Rising Flame


You were on level 6 of the Dungeon.
You worshipped Ignis.
Ignis was extremely pleased with you.
You visited 1 branch of the dungeon, and saw 6 of its levels.

You collected 257 gold pieces.

Inventory:

Hand Weapons
 a - a -1 mace of flaming
 u - a +4 quarterstaff of chaos
 y - a +1 flail of holy wrath (weapon)
Armour
 b - a +0 robe
 c - a +0 ring mail
 h - a +2 hat (worn)
 i - a +0 chain mail (worn)
 v - a +2 cloak of stealth (worn)
Jewellery
 e - an amulet of magic regeneration
Wands
 n - a wand of roots (19)
 z - a wand of flame (14)
 A - a wand of polymorph (5)
Scrolls
 f - 7 scrolls of identify {unknown}
 k - a scroll of butterflies {unknown}
 o - 4 scrolls of teleportation {unknown}
 p - a scroll of noise {unknown}
 t - 2 scrolls of amnesia {unknown}
 x - a scroll of brand weapon {unknown}
Potions
 d - a potion of degeneration
 g - a potion of lignification
 j - a potion of berserk rage {unknown}
 l - a potion of haste
 m - 2 potions of flight
 q - a potion of attraction
 r - a potion of curing {unknown}
 s - a potion of invisibility {unknown}
 w - a potion of mutation {unknown}


   Skills:
 + Level 6.1 Fighting
 + Level 7.5 Maces & Flails
 + Level 5.5 Armour
 + Level 5.5 Dodging
 - Level 1.3 Spellcasting
 - Level 3.6 Fire Magic


You had 9 spell levels left.
You didn't know any spells.
Your spell library contained the following spells:

 Spells                   Type           Power      Damage    Failure   Level
 Scorch                   Fire           24%        2d6       69%         2
 Leda's Liquefaction      Hex/Erth       0%         N/A       100%        4
 Lee's Rapid Deconstruct  Erth           0%         3d5*      100%        5
 Statue Form              Tmut/Erth      0%         N/A       100%        6


Dungeon Overview and Level Annotations

Branches:
Dungeon (6/15) Zot: 661
 Temple: D:4-7

Altars:
Qazlal
Ru
Xom

Shops:
D:2 (

Annotations:
D:3 Sigmund
D:4 Blork the orc


Innate Abilities, Weirdness & Mutations

You passively map a small area around you.
You are easily found by Zot.
You glow in the dark.
You regain HP and MP as you explore.


Message History

The gnoll is lightly wounded.
The adder hisses angrily.
The gnoll hits you but does no damage.
You sock the gnoll!
The gnoll is severely wounded.
The gnoll hits you but does no damage.
You closely miss the gnoll.
The gnoll is severely wounded.
The gnoll closely misses you.
You closely miss the gnoll.
The gnoll is severely wounded.
The gnoll hits you with a +0 halberd!
* * * LOW HITPOINT WARNING * * *
You closely miss the gnoll.
The gnoll is severely wounded.
The ice beast hits you but does no damage.
The gnoll hits you with a +0 halberd.
* * * LOW HITPOINT WARNING * * *
You hit the gnoll.
You kill the gnoll!
The ice beast closely misses you. The adder barely misses you.
You sock the ice beast!
The ice beast is moderately wounded.
The adder bites you but does no damage.
The ice beast hits you but does no damage.
You hit the ice beast.
The ice beast is heavily wounded.
The adder bites you but does no damage.
The ice beast hits you but does no damage.
You hit the ice beast.
The ice beast is severely wounded.
The adder bites you but does no damage.
The ice beast hits you but does no damage.
The adder barely misses you.
You hit the ice beast but do no damage. You punch the ice beast.
The ice beast is severely wounded.
The ice beast hits you.
* * * LOW HITPOINT WARNING * * *
The ice beast freezes you!
You die...

*, , * * ..!.. * *
####....#### * * ,
#..........# ,
#...?......# ,
#..........# ,
#######..........#
.......<.!.......#
,
#######...).......
, , * #...@Y......
, ........S$.....
* *######..#......
* *..##...... , ,
,,, ..## ..... , ,
<.. **,..... * *
.... , .... ,
..... , .... *


You could see an ice beast and an adder.

Vanquished Creatures
  Grinder (D:5)
  Edmund (D:5)
  Duvessa (D:5)
  A phantom (D:5)
  A centaur (D:5)
  A necrophage (D:4)
  A scorpion (D:4)
  Dowan (D:5)
  Crazy Yiuf (D:3)
  4 iguanas
  2 orc wizards
  Robin (D:3)
  3 gnolls
  4 adders
  A shadow imp (D:6)
  A worm (D:2)
  7 dart slugs
  17 orcs
  3 bats
  5 endoplasms
  3 giant cockroaches
  21 goblins
  9 hobgoblins
  4 jackals (D:5)
  8 kobolds
  3 quokkas
  4 ball pythons
  7 frilled lizards
  A rat (D:1)
117 creatures vanquished.

Vanquished Creatures (others)
  5 dream sheep (D:5)
5 creatures vanquished.

Grand Total: 122 creatures vanquished

Notes
Turn   | Place    | Note
-------+----------+-------------------------------------------
     0 | D:1      | nono the Meteoran Cinder Acolyte began the quest for the
                  | Orb.
     0 | D:1      | Reached XP level 1. HP: 19/19 MP: 3/3
    88 | D:1      | Reached XP level 2. HP: 25/26 MP: 5/5
   249 | D:1      | Reached skill level 1 in Armour
   256 | D:1      | Reached skill level 1 in Dodging
   395 | D:1      | Reached XP level 3. HP: 31/31 MP: 6/6
   493 | D:1      | Glimpsed the power of Zot.
   543 | D:1      | Glimpsed the power of Zot.
   595 | D:2      | Found Hacumuih's Weapon Emporium.
   867 | D:2      | Reached XP level 4. HP: 36/40 MP: 7/7
  1084 | D:2      | Glimpsed the power of Zot.
  1134 | D:2      | Glimpsed the power of Zot.
  1220 | D:3      | Noticed Sigmund
  1289 | D:4      | Noticed a necrophage
  1301 | D:4      | Killed a necrophage
  1302 | D:4      | Reached skill level 5 in Maces & Flails
  1302 | D:4      | Reached XP level 5. HP: 26/46 MP: 8/8
  1315 | D:3      | Noticed Robin
  1358 | D:3      | Killed Robin
  1359 | D:3      | Reached XP level 6. HP: 40/52 MP: 9/9
  1611 | D:4      | Noticed Blork the orc
  1700 | D:3      | Found a runed translucent door.
  1701 | D:3      | Noticed Crazy Yiuf
  1710 | D:3      | Killed Crazy Yiuf
  2138 | D:4      | Found a sacrificial altar of Ru.
  2258 | D:4      | Glimpsed the power of Zot.
  2259 | D:4      | Reached XP level 7. HP: 34/60 MP: 10/10
  2273 | D:5      | Entered Level 5 of the Dungeon
  2288 | D:5      | Reached skill level 6 in Maces & Flails
  2289 | D:5      | Reached skill level 5 in Fighting
  2299 | D:5      | Found a stormy altar of Qazlal.
  2378 | D:5      | Noticed Edmund
  2387 | D:5      | Killed Edmund
  2506 | D:5      | Reached XP level 8. HP: 55/68 MP: 11/11
  2545 | D:5      | Noticed Grinder
  2550 | D:5      | Paralysed by Grinder for 3 turns
  2555 | D:5      | Killed Grinder
  2601 | D:5      | Reached skill level 5 in Armour
  2604 | D:5      | Noticed Dowan
  2607 | D:5      | Noticed Duvessa
  2622 | D:5      | Killed Dowan
  2623 | D:5      | Reached skill level 7 in Maces & Flails
  2623 | D:5      | Reached skill level 5 in Dodging
  2631 | D:5      | HP: 2/52 [phantom (3)]
  2632 | D:5      | Killed Duvessa
  2718 | D:5      | Noticed a dream sheep
  2718 | D:5      | Noticed a dream sheep
  2718 | D:5      | Noticed a dream sheep
  2718 | D:5      | Noticed a dream sheep
  2718 | D:5      | Noticed a dream sheep
  2718 | D:5      | Found a shimmering altar of Xom.
  2723 | D:5      | Killed a dream sheep
  2724 | D:5      | Killed a dream sheep
  2724 | D:5      | Killed a dream sheep
  2724 | D:5      | Killed a dream sheep
  2724 | D:5      | Killed a dream sheep
  2873 | D:5      | Glimpsed the power of Zot.
  2910 | D:6      | Slain by an ice beast

Illustrated notes

Levels and vault maps discovered:
D:1:      enne_arrival_octagon_isle, layout_loops_ring,
          corexii_item_surrounded_by_moat
D:2:      layout_basic, serial_shops, nicolae_shop_bloodbath_and_beyond
D:3:      layout_basic, uniq_robin, uniq_sigmund, uniq_crazy_yiuf_cottage
D:4:      minmay_angry_zag, layout_loops_ring,
          nicolae_ru_great_annihilating_truth, uniq_blork_the_orc
D:5:      layout_cave_pods, kb_xom_exploding_sheep,
          mainiacjoe_overflow_boulevard, uniq_duvessa, uniq_edmund,
          uniq_prince_ribbit1, uniq_grinder
D:6:      layout_rooms, minmay_temple_entry_mini_moons, minmay_checkerbox

Skill      XL: |  1  2  3  4  5  6  7  8 |
---------------+-------------------------+-----
Armour         | 1 2 3 4 5 |  5.5
Dodging        | 1 2 3 4 5 |  5.5
Fighting       | 4 5 6 |  6.1
Maces & Flails | 5 6 7 |  7.5
Spellcasting   | |  1.3
Fire Magic     | |  3.6

Action                   |  1- 3 |  4- 6 |  7- 9 || total
-------------------------+-------+-------+-------++-------
Melee: Mace              |    70 |   154 |       ||   224
       Punch             |     2 |     2 |     1 ||     5
       Unarmed           |       |    14 |    19 ||    33
       Quarterstaff      |       |    48 |    14 ||    62
       Flail             |       |       |   105 ||   105
  Use: Potion            |       |     2 |     3 ||     5
 Stab: Paralysed         |       |     1 |       ||     1
Armor: Ring mail         |    16 |       |       ||    16
       Chain mail        |    21 |   173 |   144 ||   338
       Skin              |       |    15 |    42 ||    57
Dodge: Dodged            |    23 |    80 |    77 ||   180

Table legend: (Time is in decaauts)
 A = Elapsed time spent in this place.
 B = Non-inter-level travel time spent in this place.
 C = Inter-level travel time spent in this place.
 D = Time resting spent in this place.
 E = Time spent auto-exploring this place.
 F = Levels seen in this place.
 G = Mean time per level.
                   A        B        C        D        E       F      G
               +--------+--------+--------+--------+--------+-----+--------+
         Total |   2937 |   2618 |    319 |     10 |   1590 |   6 |  489.5 |
       Dungeon |   2937 |   2618 |    319 |     10 |   1590 |   6 |  489.5 |
               +--------+--------+--------+--------+--------+-----+--------+

Top non-repeatable levels by time:
     D:2: 754 daAuts
     D:5: 593 daAuts
     D:1: 553 daAuts
     D:4: 527 daAuts
     D:3: 480 daAuts
     D:6: 28 daAuts
